 Dungeon Crawl Stone Soup version 0.18.1-48-g4cf74bf (webtiles) character file.

126 Elitist the Chiller (level 4, -4/30 HPs)
             Began as a Mummy Ice Elementalist on Aug 2, 2016.
             Was an Initiate of Ru.
             Slain by Sigmund
             ... wielding a +0 scythe
              (7 damage)
             ... on level 3 of the Dungeon.
             The game lasted 00:07:25 (2863 turns).

Elitist the Chiller (Mummy Ice Elementalist)        Turns: 2863, Time: 00:07:25

Health: -4/30      AC:  8    Str: 11    XL:     4   Next: 83%
Magic:  0/8        EV: 12    Int: 15    God:    Ru [......]
Gold:   98         SH:  0    Dex: 12    Spells: 2 memorised, 5 levels left

rFire  x . .     SeeInvis .     b - +0 hunting sling
rCold  + . .     Gourm    .     c - +1 robe
rNeg   + + +     Faith    .     (no shield)
rPois  ∞         Spirit   .     (no helmet)
rElec  .         Dismiss  .     (no cloak)
rCorr  .         Reflect  .     (no gloves)
SustAt .         Harm     .     (no boots)
MR     .....                    (no amulet)
Stlth  ++........               (no ring)
                                (no ring)

@: icy armour, slow, not resistant to hostile enchantments, unstealthy
A: no food or potions, fire vulnerability, cold resistance 1, negative energy
resistance 3, torment resistance, unbreathing
a: Renounce Religion


You were on level 3 of the Dungeon.
You worshipped Ru.
Ru was noncommittal.
You were not hungry.

You visited 1 branch of the dungeon, and saw 3 of its levels.

You collected 98 gold pieces.

Inventory:

Hand Weapons
 a - a +0 short sword
 b - a +0 hunting sling (weapon)
Missiles
 f - 69 stones (quivered)
Armour
 c - a +1 robe (worn)
 k - a +0 shield
Scrolls
 h - 2 scrolls of identify {unknown}
 i - a scroll of immolation {unknown}
 j - a scroll of random uselessness {unknown}
Books
 e - a book of Frost

   Spells                             Type                      Level
   a - Freeze                         Ice                          1
   b - Throw Frost                    Conjuration/Ice              2
   c - Ozocubu's Armour               Charms/Ice                   3
   d - Throw Icicle                   Conjuration/Ice              4
   e - Summon Ice Beast               Ice/Summoning                4


   Skills:
 - Level 1.5 Dodging
 - Level 1.5 Stealth
 + Level 3.1 Spellcasting
   Level 0.7 Conjurations
 + Level 1.0 Charms
 * Level 3.8 Ice Magic


You had 5 spell levels left.
You knew the following spells:

 Your Spells              Type           Power        Failure   Level  Hunger
a - Freeze                Ice            ##..         4%          1    N/A
b - Ozocubu's Armour      Chrm/Ice       #.......     24%         3    N/A

Dungeon Overview and Level Annotations

Branches:
Dungeon (3/15)

Altars:
Nemelex Xobeh
Ru

Annotations:
D:3 Sigmund


Innate Abilities, Weirdness & Mutations

You do not eat or drink.
Your flesh is vulnerable to fire.
You are immune to poison.
Your flesh is cold resistant.
You are immune to negative energy.
You are immune to unholy pain and torment.
You can survive without breathing.


Message History

Casting: Freeze
Confirm with . or Enter, or press ? or * to list all spells.
You don't have enough magic to cast that spell.
Unknown command.
Read which item? (? for menu, Esc to quit)
Okay, then.
Read which item? (? for menu, Esc to quit)
As you read the scroll labeled DINWO NUKHAA, it crumbles to dust.
It is a scroll of enchant armour.
Enchant which item? (? for menu, Esc to quit)
Your +0 robe glows green for a moment.
Sigmund mumbles some strange words.
Sigmund flickers and vanishes!
Deactivating autopickup; reactivate with Ctrl-A.
Unknown command.
Read which item? (? for menu, Esc to quit)
As you read the scroll labeled DOLEDU INOM, it crumbles to dust.
You feel blessed for a moment.
It was a scroll of remove curse.
Something hits you!
You die...

##### #. ...<..#.# #.#
#. ....#.#.# #. #.# #)
...##.#.#.#.# #.# #.
.#.##.#.#.#># #.# #.
.#.##.#.#.#.# #(#
.#....#.#.#.# #(#
..........#.# #{#
..........#.####@######
..#####.#.#.............
............####.#######
..####....#.# #.#
..#..#....#.# #.#
..........#.# #.#
..#..#....#.# #.#
[.........#.# #.#
######....#.# .#


There were no monsters in sight!

Vanquished Creatures
  Terence (D:2)
  4 adders (D:2)
  3 worms
  A dart slug (D:1)
  A giant gecko (D:1)
  5 bats
  5 giant cockroaches
  6 goblins (D:1)
  6 hobgoblins
  8 kobolds
  2 quokkas (D:2)
  3 ball pythons (D:2)
  2 giant newts (D:1)
  5 rats
52 creatures vanquished.

Notes
Turn   | Place    | Note
--------------------------------------------------------------
     0 | D:1      | Elitist the Mummy Ice Elementalist began the quest for the Orb.
     0 | D:1      | Reached XP level 1. HP: 13/13 MP: 3/3
   248 | D:1      | Reached XP level 2. HP: 15/19 MP: 0/5
  1077 | D:1      | Reached XP level 3. HP: 24/24 MP: 7/7
  1084 | D:1      | Learned a level 3 spell: Ozocubu's Armour
  1417 | D:2      | Noticed Terence
  1427 | D:2      | Killed Terence
  1671 | D:2      | Reached XP level 4. HP: 20/30 MP: 5/8
  2113 | D:2      | Found a sparkling altar of Nemelex Xobeh.
  2361 | D:2      | Reached skill level 1 in Charms
  2775 | D:3      | Found a sacrificial altar of Ru.
  2782 | D:3      | Became a worshipper of Ru the Awakened
  2854 | D:3      | Noticed Sigmund
  2863 | D:3      | Slain by Sigmund

Skill      XL: |  1  2  3  4 |
---------------+-------------+-----
Ice Magic      | 3 |  3.8
Spellcasting   | 3 |  3.1
Charms         | 1 |  1.0
Dodging        | |  1.5
Stealth        | |  1.5
Conjurations   | |  0.7

Action                   |  1- 3 |  4- 6 || total
-------------------------+-------+-------++-------
Melee: Short sword       |    10 |       ||    10
 Fire: Hunting sling     |    34 |    59 ||    93
 Cast: Freeze            |    35 |    21 ||    56
       Ozocubu's Armour  |       |     2 ||     2
  Use: Scroll            |       |     2 ||     2
Armor: Robe              |     6 |     2 ||     8
Dodge: Dodged            |    44 |    19 ||    63
